 Dungeon Crawl Stone Soup version 0.30-a0-170-g85af917532 (webtiles) character file.

Game seed: 4542858145187447179

47 Flugkiller the Trooper (level 3, 0/29 HPs)
             Began as a Mummy Berserker on Sept 30, 2022.
             Was a Believer of Trog.
             Slain by a phantom (2 damage)
             ... on level 2 of the Dungeon.
             The game lasted 00:01:03 (1365 turns).

Flugkiller the Trooper (Mummy Berserker)            Turns: 1365, Time: 00:01:04

Health: 0/29       AC:  8    Str: 20    XL:     3   Next: 48%
Magic:  3/3        EV:  8    Int:  6    God:    Trog [**....]
Gold:   83         SH:  0    Dex: 13    Spells: 2/2 levels left

rFire   x . .      SeeInvis .    a - +0 hand axe
rCold   + . .      Faith    +    (no shield)
rNeg    + + +      Spirit   .    e - +0 chain mail
rPois   ∞          Reflect  .    (no helmet)
rElec   .          Harm     .    (no cloak)
rCorr   +          Rampage  .    (no gloves)
Will    ++...                    (no boots)
Stlth   ..........               (no amulet)
HPRegen 1.09/turn                c - ring of resist corrosion
MPRegen 0.08/turn                (no ring)

@: strong-willed, regenerating
A: cold resistance 1, negative energy resistance 3, torment resistance 2, heat
vulnerability 1, in touch with death 1, no potions, faith
a: Renounce Religion, Trog's Hand


You were on level 2 of the Dungeon.
You worshipped Trog.
Trog was pleased with you.
You visited 1 branch of the dungeon, and saw 2 of its levels.

You collected 83 gold pieces.

Inventory:

Hand Weapons
 a - a +0 hand axe (weapon)
Missiles
 f - 2 boomerangs (quivered)
Armour
 b - a +0 animal skin
 e - a +0 chain mail (worn)
   (You found it on level 1 of the Dungeon)
Jewellery
 c - a ring of resist corrosion (left hand)
   (You found it on level 1 of the Dungeon)
Scrolls
 d - 2 scrolls of teleportation {unknown}


   Skills:
 + Level 3.5 Fighting
 * Level 3.3 Axes
 + Level 1.8 Armour
 - Level 1.5 Dodging


You had 2 spell levels left.
You didn't know any spells.
Your spell library was empty.

Dungeon Overview and Level Annotations

Branches:
Dungeon (2/15) Zot: 10595

Altars:

Shops:
D:1 [


Innate Abilities, Weirdness & Mutations

You are immune to poison.
Your flesh is cold resistant. (rC+)
You are immune to negative energy. (rN+++)
You are immune to unholy pain and torment.
You are vulnerable to heat. (rF-)
You are in touch with the powers of death.
You do not drink.
You have a special connection with the divine. (Faith)


Message History

An adder comes into view.
The adder hisses angrily.
An adder is nearby!
A phantom comes into view.
Found a stone staircase leading up.
You hit the adder.
The adder is lightly wounded.
The adder bites you.
You barely miss the adder.
The adder is lightly wounded.
The adder bites you but does no damage. x2
You slash the adder!
The adder is almost dead.
The adder bites you but does no damage.
You hit the adder.
You kill the adder!
Trog accepts your kill.
You slash the phantom!
The phantom is moderately damaged.
The phantom barely misses you.
You barely miss the phantom.
The phantom is moderately damaged.
The phantom hits you.
You miss the phantom.
The phantom is moderately damaged.
The phantom hits you.
You barely miss the phantom.
The phantom is moderately damaged.
The phantom hits you.
The phantom blinks!
You blink.
You hit the phantom.
The phantom is heavily damaged.
The phantom hits you but does no damage. x2
You hit the phantom.
The phantom is severely damaged.
The phantom closely misses you.
You barely miss the phantom.
The phantom is severely damaged.
The phantom barely misses you.
You closely miss the phantom.
The phantom is severely damaged.
The phantom hits you but does no damage.
You completely miss the phantom.
The phantom is severely damaged.
The phantom hits you but does no damage.
You hit the phantom.
The phantom is severely damaged.
The phantom barely misses you.
You barely miss the phantom.
The phantom is severely damaged.
The phantom hits you but does no damage.
You barely miss the phantom.
The phantom is severely damaged.
The phantom hits you.
A kobold comes into view. It is wielding a +0 whip.
The phantom hits you but does no damage.
You are too injured to fight recklessly!
You are too injured to fight recklessly!
You are too injured to fight recklessly!
You closely miss the phantom.
The phantom is severely damaged.
The phantom hits you.
The phantom blinks!
You blink.
A worm comes into view.
The kobold barely misses you.
You hit the phantom.
The phantom is almost destroyed.
You hit the kobold.
You kill the kobold!
Trog accepts your kill.
The phantom hits you but does no damage.
You hit the phantom.
The phantom is almost destroyed.
The phantom hits you.
The phantom blinks!
You blink.
A rat comes into view.
Found a ring mail and a mace.
You miss the phantom.
The phantom is almost destroyed.
You hit the worm. The phantom closely misses you. The worm bites you.
You closely miss the phantom.
The phantom is almost destroyed.
You hit the worm but do no damage. The phantom hits you.
The phantom blinks!
You blink.
You barely miss the phantom.
The phantom is almost destroyed.
The phantom hits you.
* * * LOW HITPOINT WARNING * * *
The phantom blinks!
You blink.
You barely miss the phantom.
The phantom is almost destroyed.
The phantom hits you but does no damage.
The phantom hits you.
* * * LOW HITPOINT WARNING * * *
You hit the phantom but do no damage.
The phantom is almost destroyed.
You closely miss the rat.
The phantom hits you but does no damage.
The rat barely misses you.
Your skin crawls.
You feel strong-willed. The phantom hits you.
You die...

..###!...###.#.......
.....................
....###.###.#)###.#'#
##.. #.###.#.# ...
<.. ......#'###....
#.#............
#.#......[.....
#.#...wr..)....
#.#...@W.......
#.......###....
######### ... .# #


You could see a phantom, a worm and a rat.

Vanquished Creatures
  An adder (D:2)
  3 dart slugs (D:1)
  7 bats (D:1)
  An endoplasm (D:1)
  A giant cockroach (D:2)
  5 goblins (D:1)
  3 hobgoblins (D:1)
  2 quokkas (D:2)
  2 ball pythons (D:1)
  A frilled lizard (D:1)
  5 kobolds
31 creatures vanquished.

Notes
Turn   | Place    | Note
-------+----------+-------------------------------------------
     0 | D:1      | Flugkiller the Mummy Berserker began the quest for the Orb.
     0 | D:1      | Reached XP level 1. HP: 18/18 MP: 1/1
   176 | D:1      | Found Ceuz's Armour Emporium.
   333 | D:1      | Reached XP level 2. HP: 24/24 MP: 2/2
   862 | D:1      | Found a faded altar of an unknown god.
   868 | D:1      | Reached ** piety under Trog
   998 | D:1      | Gained mutation: You are in touch with the powers of death.
                  | [Mummy growth]
   998 | D:1      | Reached XP level 3. HP: 29/29 MP: 3/3
  1339 | D:2      | Noticed a phantom
  1362 | D:2      | HP: 1/29 [phantom (3)]
  1365 | D:2      | Slain by a phantom

Illustrated notes

Levels and vault maps discovered:
D:1:      spicycebolla_green_bress_n_ham_2, layout_basic,
          ebering_ecumenical_altar_sacrificial, serial_shops,
          nicolae_shop_crystal, serial_bayou_ford_a, hangedman_decor_opposing,
          minmay_fountain_box
D:2:      layout_basic, minmay_misc_feat_room, hex_large

Skill      XL: |  1  2 |
---------------+-------+-----
Axes           | 3 |  3.3
Fighting       | |  3.5
Armour         | |  1.8
Dodging        | |  1.5

Action                   || total
-------------------------++-------
Melee: Hand axe          ||   158
       Punch             ||     1
Invok: Trog's Hand       ||     1
Armor: Animal skin       ||    13
       Chain mail        ||    76
Dodge: Dodged            ||    84

Table legend: (Time is in decaauts)
 A = Elapsed time spent in this place.
 B = Non-inter-level travel time spent in this place.
 C = Inter-level travel time spent in this place.
 D = Time resting spent in this place.
 E = Time spent auto-exploring this place.
 F = Levels seen in this place.
 G = Mean time per level.
                   A        B        C        D        E       F      G
               +--------+--------+--------+--------+--------+-----+--------+
         Total |   1403 |   1360 |     43 |    509 |    535 |   2 |  701.5 |
       Dungeon |   1403 |   1360 |     43 |    509 |    535 |   2 |  701.5 |
               +--------+--------+--------+--------+--------+-----+--------+

Top non-repeatable levels by time:
     D:1: 1292 daAuts
     D:2: 110 daAuts
